AoeStats
← El Professor

Golden Pit

510064583Analyzed
1v1 RM · 1d ago on Sep 29, 2026· 24m 36s· 2 players
Game mode
Random Map
Map size
Tiny (2 player)
Population
200
Speed
Normal
Resources
Standard
Victory
Conquest
Starting age
Dark Age
Ending age
Imperial Age
RankedLock teamsTeams togetherTeam positionsShared explorationLock speedFull tech treeHidden civsTurbo modeCheats
Victory
Defeat
🇪🇸 Danes · Spain
942
+18
🇻🇳 Japanese · Vietnam
989
-18
El Professor
8:07 Loom
10:21 Feudal Age
11:06 Double-Bit Axe
11:06 Man-at-Arms
12:30 Scale Mail Armor
12:41 Forging
12:18 Man-at-Arms
14:54 Arson
14:59 Horse Collar
baophux7
8:04 Loom
10:08 Feudal Age
12:10 Man-at-Arms
19:45 Scale Mail Armor
22:34 Forging
Connection lost

Rejoining the realm…

Still unreachable

The connection could not be restored.

Session expired

The server has moved on; the page needs a fresh start.